 Dungeon Crawl Stone Soup version 0.30.0-29-ga12c61a403 (webtiles) character file.

Game seed: 5597074958030473100

167 Irreverend the Stinger (level 5, 0/45 HPs)
             Began as a Naga Venom Mage on June 5, 2023.
             Slain by Ijyb
             ... wielding a +0 dagger
              (5 damage)
             ... on level 3 of the Dungeon.
             The game lasted 00:08:05 (3511 turns).

Irreverend the Stinger (Naga Venom Mage)            Turns: 3511, Time: 00:08:05

Health: 0/45       AC:  2    Str: 10    XL:     5   Next: 48%
Magic:  8/9        EV: 10    Int: 18    God:
Gold:   205        SH:  0    Dex: 11    Spells: 6/9 levels left

rFire   . . .        (no weapon)
rCold   . . .        (no shield)
rNeg    . . .        a - +0 robe
rPois   +            (no helmet)
rElec   .            (no cloak)
rCorr   .            (no gloves)
SInv    +            (no barding)
Will    .....        (no amulet)
Stlth   ++           (no ring)
HPRegen 0.27/turn    (no ring)
MPRegen 0.11/turn

%: no passive effects
@: very slow
A: AC +1, large, see invisible, deformed body, poison resistance, slowness 2,
spit poison 1, naga tail 1
a: Spit Poison


You were on level 3 of the Dungeon.
You visited 1 branch of the dungeon, and saw 3 of its levels.

You collected 205 gold pieces.

Inventory:

Armour
 a - a +0 robe (worn)
Jewellery
 j - a ring of positive energy
Scrolls
 d - a scroll of magic mapping {unknown}
 f - 2 scrolls of identify {unknown}
 k - a scroll of poison {unknown}
Potions
 c - a potion of flight {unknown}
 e - a potion of lignification {unknown}
 g - 3 potions of heal wounds {unknown}
 h - a potion of cancellation {unknown}
 i - a potion of resistance {unknown}


   Skills:
 + Level 1.9 Fighting
 + Level 2.4 Dodging
 - Level 3.0 Stealth
 + Level 2.8 Spellcasting
 - Level 1.0 Transmutations
 * Level 5.9 Poison Magic


You had 6 spell levels left.
You knew the following spells:

 Your Spells              Type           Power      Damage    Failure   Level
a - Sting                 Tmut/Pois      60%        1d6       4%          1
b - Poisonous Vapours     Pois/Air       26%        N/A       8%          2

Your spell library contained the following spells:

 Spells                   Type           Power      Damage    Failure   Level
 Olgreb's Toxic Radiance  Pois           23%        N/A       14%         4
 Apportation              Tloc           4%         N/A       17%         1
 Necrotise                Necr           8%         1d4       17%         1
 Summon Small Mammal      Summ           8%         N/A       17%         1
 Mephitic Cloud           Conj/Pois/Air  9%         N/A       22%         3
 Stone Arrow              Conj/Erth      4%         3d7       45%         3
 Animate Armour           Summ/Erth      4%         N/A       86%         4
 Lehudib's Crystal Spear  Conj/Erth      1%         10d2      100%        8


Dungeon Overview and Level Annotations

Branches:
Dungeon (3/15)

Altars:

Annotations:
D:3 Ijyb


Innate Abilities, Weirdness & Mutations

Your serpentine skin is tough. (AC +1)
You have supernaturally acute eyesight. (SInv)
Armour fits poorly on your strangely shaped body.
Your system is resistant to poisons. (rPois)
You cover ground very slowly.
You can spit poison.
You have a snake-like lower body.


Message History

You don't have enough magic to cast this spell.
Casting: Sting (safe; 4% risk of failure)
Confirm with . or Enter, or press ? or * to list all spells.
Aiming: Sting (safe; 4% risk of failure)
Press: ? - help, Shift-Dir - straight line, f - adder
Aim: an adder (moderately wounded, 53% to hit)
The sting hits the adder.
The adder is poisoned.
The adder is heavily wounded.
The adder bites you.
* * * LOW HITPOINT WARNING * * *
The adder bites you.
* * * LOW HITPOINT WARNING * * *
Your magical contamination has completely faded away.
Magic courses through your body. The adder barely misses you.
Aiming: Spit Poison (1% risk of failure)
Press: ? - help, Shift-Dir - straight line, f - Ijyb, p - adder
Aim: Ijyb, wielding a +0 dagger, wearing a +0 ring mail and carrying a wand of light (6) (heavily wounded, 54% to hit)
The splash of poison hits the adder.
You kill the adder!
Casting: Sting (safe; 4% risk of failure)
Confirm with . or Enter, or press ? or * to list all spells.
You don't know that spell.
Casting: Sting (safe; 4% risk of failure)
Confirm with . or Enter, or press ? or * to list all spells.
Aiming: Sting (safe; 4% risk of failure)
Press: ? - help, Shift-Dir - straight line, f/p - Ijyb
Aim: Ijyb, wielding a +0 dagger, wearing a +0 ring mail and carrying a wand of light (6) (heavily wounded, 71% to hit)
The sting hits Ijyb but does no damage.
Ijyb is poisoned.
Ijyb is heavily wounded.
Ijyb barely misses you.
Casting: Sting (safe; 4% risk of failure)
Confirm with . or Enter, or press ? or * to list all spells.
Aiming: Sting (safe; 4% risk of failure)
Press: ? - help, Shift-Dir - straight line, f/p - Ijyb
Aim: Ijyb, wielding a +0 dagger, wearing a +0 ring mail and carrying a wand of light (6) (heavily wounded, poisoned, 71% to hit)
The sting hits Ijyb.
Ijyb looks even sicker.
Ijyb is severely wounded.
You have got your breath back.
Ijyb hits you with a +0 dagger.
You die...

######## #.g....# #
#@##.#.#.#.##
###.#.........#
#....#.#.#.#.##
#............
##############....#.#.#.#.#
.....)......................
###.###.######....#.#.#
#.### ....#......#
#........>. ..# .####......#
###.##.#.#. ##


You could see Ijyb (very poisoned).

Vanquished Creatures
  Jessica (D:3)
  3 gnolls (D:2)
  5 adders
  A worm (D:2)
  2 dart slugs
  5 ball pythons
  8 bats
  5 endoplasms
  4 goblins
  5 hobgoblins
  7 jackals
  7 kobolds
  A quokka (D:2)
  6 frilled lizards
  2 rats (D:1)
62 creatures vanquished.

Notes
Turn   | Place    | Note
-------+----------+-------------------------------------------
     0 | D:1      | Irreverend the Naga Venom Mage began the quest for the Orb.
     0 | D:1      | Reached XP level 1. HP: 15/15 MP: 3/3
   354 | D:1      | Reached XP level 2. HP: 24/24 MP: 1/5
   523 | D:1      | Learned a level 2 spell: Poisonous Vapours
   702 | D:1      | Reached XP level 3. HP: 9/30 MP: 1/6
   872 | D:1      | Reached skill level 1 in Fighting
  1722 | D:2      | Reached skill level 5 in Poison Magic
  1991 | D:2      | Reached XP level 4. HP: 30/38 MP: 2/7
  3145 | D:3      | Reached XP level 5. HP: 45/45 MP: 0/8
  3349 | D:3      | Noticed Jessica
  3405 | D:3      | Killed Jessica
  3493 | D:3      | Noticed Ijyb
  3511 | D:3      | Slain by Ijyb

Illustrated notes

Levels and vault maps discovered:
D:1:      lemuel_arrival_room, layout_loops_ring, ebering_dispersal_statue_hall,
          minmay_misc_feat_pillars, minmay_misc_feat_tower
D:2:      layout_basic, nicolae_concentric_dashed_squares_mild, fountainhead,
          minmay_puff
D:3:      layout_basic, xom_butterflies, st_stairs_9, kennysheep_cross_room,
          uniq_ijyb, uniq_jessica

Skill      XL: |  1  2  3 |
---------------+----------+-----
Fighting       | 1 |  1.9
Dodging        | 2 |  2.4
Poison Magic   | 5 |  5.9
Stealth        | |  3.0
Spellcasting   | |  2.8
Transmutations | |  1.0

Action                     |  1- 3 |  4- 6 || total
---------------------------+-------+-------++-------
  Melee: Unarmed           |    14 |       ||    14
         Punch             |     1 |       ||     1
   Cast: Sting             |    39 |    26 ||    65
         Poisonous Vapours |    22 |    26 ||    48
Ability: Spit Poison       |    15 |     3 ||    18
    Use: Potion            |       |     1 ||     1
 Armour: Robe              |    19 |    13 ||    32
  Dodge: Dodged            |    42 |    24 ||    66
